 Dungeon Crawl Stone Soup version 0.27.0-1-g7a089689b8 (console) character file.

Game seed: 13198437119265398195

31183 jejorda2 the Fencer (level 13, -4/93 HPs)
             Began as a Vampire Berserker on July 31, 2021.
             Was an Elder of Trog.
             Slain by a death yak simulacrum (17 damage)
             ... animated by a necromancer
             ... in a Gauntlet.
             The game lasted 00:38:46 (13507 turns).

jejorda2 the Fencer (Vampire Berserker)            Turns: 13507, Time: 00:38:47

Health: -4/93      AC: 22    Str: 20    XL:     13   Next: 24%
Magic:  13/13      EV:  9    Int:  9    God:    Trog [****..]
Gold:   856        SH:  0    Dex: 18    Spells: 12/12 levels left

rFire    + . .     SeeInvis +   a - +1 great sword (flame)
rCold    + . .     Faith    .   (shield currently unavailable)
rNeg     . . .     Spirit   .   G - +0 plate armour
rPois    +         Reflect  .   A - +2 helmet
rElec    .         Harm     .   y - scarf {rC+ rF+}
rCorr    +         Rampage  .   f - +2 pair of gloves {Dex+3}
Will     +....     NoTele   +   v - +2 pair of boots
Stlth    ..........             u - amulet of regeneration
HPRegen  1.45/turn              P - ring of resist corrosion
MPRegen  0.13/turn              H - ring of poison resistance

@: on berserk cooldown, healing quickly, slowed, very slow
A: alive, fangs 3, see invisible, vampiric 2
a: Exsanguinate, Renounce Religion, Berserk, Trog's Hand, Brothers in Arms


You were in a Gauntlet.
You worshipped Trog.
Trog was greatly pleased with you.
You visited 2 branches of the dungeon, and saw 16 of its levels.
You also visited: Sewer and Gauntlet.

You collected 1036 gold pieces.
You spent 180 gold pieces at shops.

Inventory:

Hand Weapons
 a - a +1 great sword of flaming (weapon)
 r - a +1 demon blade of freezing
Missiles
 j - 39 poisoned darts (quivered)
 n - 5 curare-tipped darts
 o - a throwing net
 q - 21 boomerangs
 N - 4 silver javelins
Armour
 b - the +0 helmet of the Heavens {rElec rC+ rN+ Dex-2}
   (You found it in a Gauntlet)

   Dex:       It affects your dexterity (-2).
   rC:        It protects you from cold.
   rElec:     It insulates you from electricity.
   rN:        It protects you from negative energy.
 f - a +2 pair of gloves of dexterity (worn)
 v - a +2 pair of boots (worn)
 y - a scarf of resistance (worn)
 A - a +2 helmet (worn)
 G - a +0 plate armour (worn)
Jewellery
 d - a +4 ring of protection
 u - an amulet of regeneration (around neck)
 x - a ring of positive energy
 F - a ring of fire
 H - a ring of poison resistance (right hand)
 L - a ring of protection from fire
 P - a ring of resist corrosion (left hand)
Wands
 e - a wand of flame (57)
 k - a wand of acid (18)
 l - a wand of charming (11)
 E - a wand of iceblast (22)
 M - a wand of paralysis (20)
Scrolls
 g - 3 scrolls of vulnerability
 t - 2 scrolls of blinking
 z - 5 scrolls of teleportation
 C - 6 scrolls of identify
 J - a scroll of enchant armour
 K - a scroll of enchant weapon
Potions
 c - 3 potions of invisibility
 h - 6 potions of curing
 i - 4 potions of might
 m - 3 potions of heal wounds
 p - 8 potions of flight
 s - a potion of attraction
 w - 3 potions of mutation
 B - 2 potions of ambrosia
 O - a potion of haste


   Skills:
 - Level 6.0 Fighting
 + Level 16.8 Long Blades
 - Level 6.0 Throwing
 - Level 6.0 Armour
 - Level 6.0 Dodging
 - Level 4.0 Stealth
 - Level 6.0 Evocations


You had 12 spell levels left.
You didn't know any spells.
Your spell library was empty.

Dungeon Overview and Level Annotations

Branches:
Dungeon (11/15)            Temple (0/1) D:7            Lair (5/6) D:8
 Shoals (0/4) Lair:3        Snake (0/4) Lair:2          Orc (0/2) D:9
  Sewer (visited)         Gauntlet (1/1)
  Slime: Lair:5-6

Altars:
Ashenzari
Cheibriados
Dithmenos
Elyvilon
Gozag
Hepliaklqana
Kikubaaqudgha
Okawaru
Ru
Wu Jian
Xom
Yredelemnul
Zin
Beogh

Shops:
D:1 :   D:2 [   D:6 [   D:10 *

Annotations:
Gauntlet 9 transporters, 21 runed translucent doors, exclusion: oklob plant


Innate Abilities, Weirdness & Mutations

Your natural rate of healing is accelerated.
You have razor-sharp teeth.
You have supernaturally acute eyesight. (SInv)
You are afflicted with vampirism and can become a bat while bloodless.


Message History

You kill the death yak!
Trog accepts your kill.
A freezing mist starts to gather...
A death yak simulacrum comes into view.
You slash the death yak! You burn the death yak.
The death yak is heavily wounded.
The death yak gores you.
* * * LOW HITPOINT WARNING * * *
You hit the death yak. You burn the death yak. Your bite misses the death yak.
The death yak is heavily wounded.
You slash the death yak! You burn the death yak. You bite the death yak!
The death yak is almost dead.
The necromancer mumbles some strange words.
The necromancer binds the souls of nearby monsters.
The death yak gores you!!
* * * LOW HITPOINT WARNING * * *
You slice the death yak!! You burn the death yak.
You kill the death yak!
Trog accepts your kill.
A freezing mist starts to gather...
A death yak simulacrum comes into view.
You slice the death yak simulacrum!!
You melt the death yak simulacrum.
The death yak simulacrum is heavily damaged.
You slice the death yak simulacrum!!
You melt the death yak simulacrum!
The death yak simulacrum vaporises!
The death yak gores you.
* * * LOW HITPOINT WARNING * * *
You hit the death yak simulacrum.
You melt the death yak simulacrum.
The death yak simulacrum is lightly damaged.
You are no longer berserk.
You are exhausted.
You feel yourself slow down.
Your two-headed ogre goes berserk!
The death yak barely misses you.
You riposte.
You slice the death yak!! You burn the death yak!
The death yak is severely wounded.
The death yak simulacrum gores you.
* * * LOW HITPOINT WARNING * * *
The death yak simulacrum freezes you! You resist.
You die...

8§8.8..©.©..8.8.8####
≈...............≈##8#
########################
.......≈∩≈............≈#
.......................#
#######...###########..###
=©=...#...##.!=©?=.##..#8#
....#.#...#.#...°Z#.#..###
...##.#...#..#.O@#..#..#
####..#...#...#.#YZ.#..###
.©....#...#....#p...#..#8#
#.##..#...#...#©#...#..###
...##.#...#..#YY†#..#..#
....#.#...#.#...YZ#.#..###
..ZZZZ#...##.......##..#8#
#######...###########..###
.......§§....#.©.#.....#


You could see a death yak (soul bound), 2 death yak simulacra and a friendly
two-headed ogre (summoned, berserk).

Vanquished Creatures
  An entropy weaver (Gauntlet)
  A catoblepas (Lair:4)
  3 hydras
  3 two-headed ogres
  5 death yaks (Gauntlet)
  Pikel (D:7)
  A wolf spider (Gauntlet)
  3 elephants (Lair:3)
  A black mamba (Lair:1)
  8 cane toads
  8 komodo dragons
  4 rime drakes
  2 trolls
  A jumping spider (Gauntlet)
  2 polar bears (Lair:3)
  A hornet (D:11)
  8 blink frogs
  4 dream sheep (Lair:5)
  A shadow (D:11)
  2 wraiths (D:11)
  A redback (Gauntlet)
  3 wyverns
  14 yaks
  Sigmund (D:3)
  2 basilisks
  A steam dragon (D:4)
  Menkaure (D:5)
  2 acid dragons
  2 nagas (Lair:2)
  9 water moccasins
  4 orc warriors
  2 ice beasts (D:8)
  A black bear (D:4)
  6 wolves (Lair:2)
  2 ogres
  9 centaurs
  A phantom (D:5)
  4 lemures (D:7)
  6 kobold brigands
  9 bullfrogs
  2 scorpions (D:4)
  A wyvern zombie (D:6)
  A gnoll sergeant (D:11)
  A water moccasin zombie (D:5)
  A wyvern skeleton (D:7)
  6 killer bees (D:5)
  2 water moccasin skeletons
  5 wights
  A howler monkey (D:5)
  7 centaur zombies
  A bullfrog zombie (D:6)
  An iron imp (D:10)
  Crazy Yiuf (D:5)
  4 hounds (D:5)
  A jelly (D:6)
  A bullfrog skeleton (D:4)
  5 orc priests
  A centaur skeleton (D:4)
  A gnoll shaman (D:7)
  3 iguanas
  4 orc wizards
  A killer bee zombie (D:8)
  3 howler monkey zombies
  10 gnolls
  A howler monkey skeleton (D:5)
  9 adders
  2 river rats
  3 ufetubi
  A worm (D:6)
  2 dart slugs
  15 orcs
  7 ball pythons
  5 endoplasms
  5 giant cockroaches
  4 goblins
  5 hobgoblins
  7 jackals
  6 quokkas
  4 bats
  5 frilled lizards
  30 kobolds
  11 rats
326 creatures vanquished.

Vanquished Creatures (collateral kills)
  The ghost of Hypnoxylon the Grappler, a novice TrGl (D:6)
  A cane toad (Lair:5)
  2 yaks (Lair:5)
  A basilisk (D:8)
  A centaur (D:11)
  A bullfrog (D:8)
  4 gnolls
11 creatures vanquished.

Vanquished Creatures (others)
  An unseen horror (D:11)
  15 fungi
  31 plants
47 creatures vanquished.

Grand Total: 384 creatures vanquished

Notes
Turn   | Place    | Note
-------+----------+-------------------------------------------
     0 | D:1      | jejorda2 the Vampire Berserker began the quest for the Orb.
     0 | D:1      | Reached XP level 1. HP: 17/17 MP: 1/1
    78 | D:1      | Found Cargheja's Book Boutique.
   127 | D:1      | Reached skill level 1 in Stealth
   217 | D:1      | Reached XP level 2. HP: 19/23 MP: 2/2
   759 | D:2      | Found Ceq Nuka's Antique Armour Shop.
   796 | D:2      | Gained mutation: You are afflicted with vampirism and can
                  | become a bat while bloodless. [Vampire growth]
   796 | D:2      | Reached XP level 3. HP: 22/28 MP: 3/3
   937 | D:2      | Reached ** piety under Trog
  1156 | D:2      | Found a faded altar of an unknown god.
  1519 | D:3      | Found a broken altar of Ashenzari.
  1536 | D:3      | Noticed Sigmund
  1552 | D:3      | Killed Sigmund
  1553 | D:3      | Reached skill level 4 in Long Blades
  1553 | D:3      | Reached XP level 4. HP: 19/35 MP: 4/4
  1553 | D:3      | Reached XP level 5. HP: 22/41 MP: 5/5
  2289 | D:3      | Found a shadowy altar of Dithmenos.
  2410 | D:3      | Reached XP level 6. HP: 41/47 MP: 6/6
  2688 | D:4      | Reached skill level 5 in Long Blades
  2834 | D:4      | Noticed a steam dragon
  2844 | D:4      | Killed a steam dragon
  2849 | D:4      | Noticed an acid dragon
  2912 | D:3      | Killed an acid dragon
  2913 | D:3      | Reached skill level 6 in Long Blades
  2913 | D:3      | Reached XP level 7. HP: 54/54 MP: 7/7
  3007 | D:4      | Reached *** piety under Trog
  3245 | D:4      | Found a basalt altar of Yredelemnul.
  3245 | D:4      | Found an opulent altar of Gozag.
  3303 | D:5      | Entered Level 5 of the Dungeon
  3374 | D:5      | Found a sacrificial altar of Ru.
  3390 | D:5      | Reached skill level 7 in Long Blades
  3390 | D:5      | Reached XP level 8. HP: 61/61 MP: 8/8
  3394 | D:5      | Reached skill level 5 in Fighting
  3414 | D:5      | HP: 2/62 [poisoned by a killer bee]
  3556 | D:5      | Found a shimmering altar of Xom.
  3616 | D:5      | Found a runed translucent door.
  3617 | D:5      | Noticed Crazy Yiuf
  3625 | D:5      | Killed Crazy Yiuf
  3843 | D:5      | Reached skill level 8 in Long Blades
  3862 | D:5      | Identified the +2 robe "Daarax" {-Tele Will+ Int+2}
  3884 | D:5      | Noticed Menkaure
  3901 | D:5      | Killed Menkaure
  4046 | D:5      | Found an ornate altar of the Wu Jian Council.
  4114 | D:6      | Reached skill level 5 in Armour
  4114 | D:6      | Reached XP level 9. HP: 64/69 MP: 9/9
  4295 | D:6      | Found a glowing drain.
  4313 | D:6      | Reached **** piety under Trog
  4320 | Sewer    | Entered a sewer
  4398 | Sewer    | Reached skill level 9 in Long Blades
  4670 | D:2      | Bought a shiny helmet for 180 gold pieces
  4840 | D:6      | Found a runed translucent door.
  4840 | D:6      | Noticed Hypnoxylon's ghost (novice TrGl)
  4853 | D:6      | Killed Hypnoxylon's ghost
  4921 | D:6      | Found Zoid's Armour Boutique.
  4984 | D:6      | Reached skill level 10 in Long Blades
  5066 | D:6      | Identified the +11 war axe "Fuadwas" {holy, rCorr Dex-3
                  | Stlth+}
  5765 | D:7      | Found a staircase to the Ecumenical Temple.
  5766 | D:7      | Identified a scroll of acquirement
  5766 | D:7      | Acquired a +1 demon blade of freezing
  5852 | D:7      | Found a hazy altar of Hepliaklqana.
  5852 | D:7      | Found an iron altar of Okawaru.
  5877 | D:7      | Reached skill level 11 in Long Blades
  5959 | D:7      | You fall into a shaft and drop 1 floor!
  6044 | D:7      | Noticed Pikel
  6057 | D:7      | Killed Pikel
  6058 | D:7      | Reached XP level 10. HP: 64/76 MP: 10/10
  6696 | D:8      | Noticed a two-headed ogre
  6702 | D:8      | Killed a two-headed ogre
  6703 | D:8      | Reached skill level 12 in Long Blades
  6703 | D:8      | Reached skill level 1 in Throwing
  7307 | D:8      | Found a staircase to the Lair.
  7470 | D:9      | Found a sacrificial altar of Ru.
  7759 | D:9      | Noticed a two-headed ogre
  7770 | D:9      | Killed a two-headed ogre
  7771 | D:9      | Reached XP level 11. HP: 81/81 MP: 11/11
  7833 | D:9      | Found a shimmering altar of Xom.
  7836 | D:9      | Found a shimmering altar of Xom.
  7836 | D:9      | Found a shimmering altar of Xom.
  7836 | D:9      | Found a shimmering altar of Xom.
  7836 | D:9      | Found a shimmering altar of Xom.
  7844 | D:9      | Reached skill level 5 in Dodging
  7846 | D:9      | Found a shimmering altar of Xom.
  7846 | D:9      | Found a shimmering altar of Xom.
  7904 | D:9      | Found a staircase to the Orcish Mines.
  8235 | D:9      | Reached skill level 13 in Long Blades
  8297 | D:10     | Entered Level 10 of the Dungeon
  8378 | D:10     | Found Mumpege's General Store.
  8702 | D:10     | Found an ancient bone altar of Kikubaaqudgha.
  8802 | D:10     | Found a snail-covered altar of Cheibriados.
  9051 | D:11     | Reached ***** piety under Trog
  9085 | D:11     | Received a gift from Trog
  9153 | D:11     | Noticed a two-headed ogre
  9160 | D:11     | Killed a two-headed ogre
  9447 | Lair:1   | Entered Level 1 of the Lair of Beasts
  9596 | Lair:1   | Reached skill level 14 in Long Blades
  9701 | Lair:1   | Reached skill level 5 in Throwing
 10006 | Lair:1   | Noticed a seven-headed hydra
 10013 | Lair:1   | Killed a four-headed hydra
 10269 | Lair:2   | Reached XP level 12. HP: 86/88 MP: 12/12
 10648 | Lair:2   | Found a staircase to the Snake Pit.
 10693 | Lair:2   | Reached skill level 15 in Long Blades
 10718 | Lair:2   | Noticed a seven-headed hydra
 10730 | Lair:2   | Killed a four-headed hydra
 11288 | Lair:3   | Reached skill level 1 in Evocations
 11486 | Lair:3   | Found a staircase to the Shoals.
 11566 | Lair:3   | Noticed a seven-headed hydra
 11573 | Lair:3   | Killed a three-headed hydra
 11803 | Lair:3   | Reached skill level 16 in Long Blades
 12118 | Lair:4   | Noticed a catoblepas
 12128 | Lair:4   | Killed a catoblepas
 13108 | Lair:5   | Reached skill level 5 in Evocations
 13146 | Lair:5   | Reached XP level 13. HP: 93/93 MP: 13/13
 13149 | Lair:5   | Found a gate leading to a gauntlet.
 13165 | Gauntlet | Entered a Gauntlet
 13165 | Gauntlet | Found a transporter.
 13165 | Gauntlet | Found a transporter.
 13165 | Gauntlet | Found a transporter.
 13165 | Gauntlet | Noticed an entropy weaver
 13166 | Gauntlet | Found a transporter.
 13169 | Gauntlet | Found a transporter.
 13179 | Gauntlet | Found a transporter.
 13246 | Gauntlet | Found a transporter.
 13260 | Gauntlet | Found a transporter.
 13271 | Gauntlet | Found a transporter.
 13273 | Gauntlet | Found a large runed translucent door.
 13274 | Gauntlet | Found a large runed translucent door.
 13275 | Gauntlet | Found a large runed translucent door.
 13275 | Gauntlet | Found a large runed translucent door.
 13275 | Gauntlet | Found a runed translucent door.
 13275 | Gauntlet | Found a runed translucent door.
 13276 | Gauntlet | Found a large runed translucent door.
 13277 | Gauntlet | Found a large runed translucent door.
 13278 | Gauntlet | Found a large runed translucent door.
 13278 | Gauntlet | Found a large runed translucent door.
 13279 | Gauntlet | Found a runed translucent gate.
 13279 | Gauntlet | Found a runed translucent gate.
 13279 | Gauntlet | Found a runed translucent gate.
 13281 | Gauntlet | Found a transporter.
 13290 | Gauntlet | Found a large runed translucent door.
 13290 | Gauntlet | Found a large runed translucent door.
 13291 | Gauntlet | Found a large runed translucent door.
 13292 | Gauntlet | Found a large runed translucent door.
 13296 | Gauntlet | Found a transporter.
 13302 | Gauntlet | Found a transporter.
 13334 | Gauntlet | Found a large runed translucent door.
 13335 | Gauntlet | Found a large runed translucent door.
 13336 | Gauntlet | Found a large runed translucent door.
 13336 | Gauntlet | Found a large runed translucent door.
 13419 | Gauntlet | Killed an entropy weaver
 13425 | Gauntlet | Identified the +0 helmet of the Heavens {rElec rC+ rN+
                  | Dex-2}
 13507 | Gauntlet | Slain by a death yak simulacrum

Illustrated notes

Levels and vault maps discovered:
D:1:      lightli_arrival_quake, layout_basic, serial_shops, shop,
          minmay_misc_feat_columns
D:2:      layout_basic, serial_shops, shop,
          hellmonk_ecumenical_altar_heavens_door, minmay_misc_feat_doors,
          minmay_quantized
D:3:      layout_loops_corners, lemuel_tele_altar, overflow_temple_1_default,
          mainiacjoe_overflow_concentric_impassable, uniq_sigmund
D:4:      layout_rooms, gammafunk_temple_overflow_elements
D:5:      layout_rooms, nzn_wu_jian_council_hall, hangedman_feature_mirror,
          uniq_crazy_yiuf_cottage, uniq_menkaure
D:6:      layout_loops_ring, zin_statuary, portal_sewer_entry_b, serial_shops,
          nicolae_stop_n_shop_1, gammafunk_ghost_grave
D:7:      layout_gridville, kennysheep_little_box, overflow_temple_1_default,
          minmay_temple_entry_gardened_gates, wad_floor_pattern_untrapped,
          kennysheep_another_room, uniq_pikel
D:8:      layout_basic, erik_lair_dragon
D:9:      layout_rooms, mainiacjoe_overflow_24_doors, nicolae_xom_altar_mimics,
          minmay_orc_entry_temple_small
D:10:     layout_loops_ring, slow_altar_2, mainiacjoe_overflow_catwalk,
          serial_shops, nicolae_stop_n_shop_2
D:11:     layout_irregular_city
Lair:1:   wander_river, layout_chaotic_city
Lair:2:   layout_regular_city, guppyfry_snake_entry_garden, lemuel_fruit_fields,
          serial_bayou_shore_b
Lair:3:   layout_small_grid, elwin_shoals_entry_rocks, minivault_24
Lair:4:   layout_small_grid, infiniplex_staircase_pool_2
Lair:5:   layout_gridlike, gauntlet_entry_generic
Gauntlet: gammafunk_gauntlet_shortcut [gammafunk_gauntlet_arena_hedges,
          nicolae_gauntlet_arena_x, nicolae_gauntlet_arena_t_cross,
          gammafunk_gauntlet_arena_arrow_garden,
          minmay_gauntlet_arena_make_your_own_arena,
          gammafunk_gauntlet_arena_split_x, gauntlet_exit_green]

Skill      XL: |  1  2  3  4  5  6  7  8  9 10 11 12 13 |
---------------+----------------------------------------+-----
Stealth        | 1 2 4 |  4.0
Fighting       | 3 4 5 6 |  6.0
Armour         | 2 3 5 6 |  6.0
Long Blades    | 4 6 7 8 11 12 14 16 | 16.8
Throwing       | 3 5 6 |  6.0
Dodging        | 4 6 |  6.0
Evocations     | 5 6 |  6.0

Action                   |  1- 3 |  4- 6 |  7- 9 | 10-12 | 13-15 || total
-------------------------+-------+-------+-------+-------+-------++-------
Melee: Falchion          |    96 |   112 |   208 |       |       ||   416
       Bite              |    15 |    14 |    71 |    95 |     5 ||   200
       Scimitar          |       |       |    96 |       |       ||    96
       Demon blade       |       |       |    25 |   259 |       ||   284
       Great sword       |       |       |       |   317 |    39 ||   356
Throw: Throwing net      |       |       |     1 |       |       ||     1
       Dart              |       |       |       |    35 |       ||    35
Invok: Trog's Hand       |     1 |     1 |       |     2 |       ||     4
       Berserk           |       |     3 |     9 |    11 |     2 ||    25
       Brothers in Arms  |       |       |     1 |     3 |     3 ||     7
  Use: Potion            |       |       |     2 |       |       ||     2
       Scroll            |       |       |    14 |     7 |       ||    21
 Stab: Sleeping          |     5 |     6 |     8 |       |       ||    19
       Distracted        |       |       |       |     1 |       ||     1
Armor: Animal skin       |    36 |    11 |       |       |       ||    47
       Ring mail         |       |    68 |       |       |       ||    68
       Skin              |       |     1 |       |       |       ||     1
       Steam dragon scal |       |       |   166 |       |       ||   166
       Scale mail        |       |       |    31 |     2 |       ||    33
       Plate armour      |       |       |       |   399 |    12 ||   411
Dodge: Dodged            |    56 |   124 |   243 |   214 |     8 ||   645
       Rpst.: Falchion   |    20 |    22 |    44 |       |       ||    86
       Scimitar          |       |       |    14 |       |       ||    14
       Demon blade       |       |       |     7 |    22 |       ||    29
       Great sword       |       |       |       |    29 |     4 ||    33
